 Dungeon Crawl Stone Soup version 0.23.2-40-g277498a001 (webtiles) character file.

Game seed: 4976605789154595013

38299 Cryoshakespeare the Warrior (level 14, -1/190 HPs)
             Began as an Ogre Transmuter on Oct 7, 2019.
             Was a High Priest of Wu Jian.
             Hit by a javelin of penetration thrown by a minotaur (20 damage)
             ... in a Gauntlet.
             The game lasted 01:06:08 (23511 turns).

Cryoshakespeare the Warrior (Ogre Transmuter)      Turns: 23511, Time: 01:06:08

Health: -1/190     AC:  6    Str: 17    XL:     14   Next: 1%
Magic:  17/17      EV: 12    Int: 18    God:    Wu Jian [*****.]
Gold:   903        SH:  0    Dex: 15    Spells: 8/17 levels left

rFire    x . .     SeeInvis +     - Unarmed
rCold    + + +     Gourm    .   (shield currently unavailable)
rNeg     . . .     Faith    .   (armour currently unavailable)
rPois    +         Spirit   .   (helmet currently unavailable)
rElec    .         Reflect  .   (cloak currently unavailable)
rCorr    .         Harm     .   (gloves unavailable)
MR       +....     NoTele   +   (boots unavailable)
Stlth    +.........             (no amulet)
HPRegen  0.41/turn              V - ring of see invisible
MPRegen  0.15/turn              t - +6 ring of dexterity

@: exhausted, ice-form
A: large, unfitting armour
a: End Transformation, Wall Jump, Serpent's Lash, Heavenly Storm, Renounce
Religion


You were in a Gauntlet.
You worshipped Wu Jian.
Wu Jian was extremely pleased with you.
You were not hungry.
You were a creature of crystalline ice.
You visited 2 branches of the dungeon, and saw 17 of its levels.
You also visited: Gauntlet.

You collected 903 gold pieces.

Inventory:

Hand Weapons
 X - the +7 mace "Ighel" {antimagic, +Blink rN+}
   (You found it in a Gauntlet)

   It reduces the magical energy of the wielder, and disrupts the spells and
   magical abilities of those hit.
   Natural abilities and divine invocations are not affected.
   It protects you from negative energy.
   It lets you blink.
Missiles
 a - 342 arrows
Armour
 l - a +1 shield
 M - a +1 robe of magic resistance (melded)
 S - a scarf of resistance (melded)
Magical Staves
 Q - an uncursed staff of power (melded)
 R - an uncursed staff of conjuration
Jewellery
 t - a +6 ring of dexterity (right front paw)
 x - an uncursed ring of stealth
 F - an uncursed ring of ice
 V - a ring of see invisible (left front paw)
 Y - the ring of Ataczo {-Tele rC- MR+++ Dex+6 Stlth-}
   (You found it in a Gauntlet)

   [ring of attention]

   It affects your dexterity (+6).
   It makes you vulnerable to cold.
   It affects your resistance to hostile enchantments.
   It prevents most forms of teleportation.
   It makes you less stealthy.
Wands
 s - a wand of iceblast (22)
 v - a wand of acid (22)
 B - a wand of disintegration (27)
 C - a wand of enslavement (6)
 D - a wand of digging (6)
 E - a wand of polymorph (12)
 G - a wand of flame (18)
 O - a wand of random effects (17)
 T - a wand of paralysis (9)
Scrolls
 b - 2 scrolls of random uselessness
 e - 6 scrolls of fear
 f - 3 scrolls of immolation
 g - 2 scrolls of blinking
 i - 4 scrolls of noise
 j - 3 scrolls of amnesia
 k - a scroll of magic mapping
 q - 7 scrolls of remove curse
 w - 6 scrolls of teleportation
 y - 4 scrolls of identify
 A - 3 scrolls of enchant weapon
 N - a scroll of acquirement {unknown}
 P - a scroll of enchant armour
 W - a scroll of fog {unknown}
Potions
 c - 7 potions of curing
 h - a potion of mutation
 m - 2 potions of agility
 n - 3 potions of might
 o - 5 potions of lignification
 p - 5 potions of haste
 r - 9 potions of heal wounds
 u - 6 potions of brilliance
 z - 4 potions of flight
 H - a potion of resistance
 I - a potion of ambrosia
 J - a potion of cancellation
 K - 2 potions of magic
 L - a potion of berserk rage
 U - a potion of invisibility
Comestibles
 d - 35 rations


   Skills:
 + Level 15.4 Fighting
 - Level 4.0 Dodging
 * Level 15.0 Unarmed Combat
 - Level 2.4 Spellcasting
 + Level 7.9 Transmutations
 - Level 5.0 Ice Magic
 - Level 3.4 Poison Magic


You had 8 spell levels left.
You knew the following spells:

 Your Spells              Type           Power        Failure   Level  Hunger
a - Spider Form           Tmut/Pois      ###.......   4%          3    ###....
b - Ice Form              Ice/Tmut       ####....     12%         4    #####..
c - Summon Butterflies    Summ           #.......     17%         1    #......
d - Apportation           Tloc           #.....       17%         1    #......

Your spell library contained the following spells:

 Spells                   Type           Power        Failure   Level  Hunger
 Beastly Appendage        Tmut           ####..       1%          1    #......
 Sticks to Snakes         Tmut           ####....     1%          2    ##.....
 Ensorcelled Hibernation  Hex/Ice        ##....       10%         2    ##.....
 Corona                   Hex            #......      17%         1    #......
 Flame Tongue             Conj/Fire      #....        17%         1    #......
 Magic Dart               Conj           #...         17%         1    #......
 Blade Hands              Tmut           ####......   19%         5    ######.
 Searing Ray              Conj           #.....       26%         2    ##.....
 Throw Flame              Conj/Fire      #.....       26%         2    ##.....
 Alistair's Intoxication  Tmut/Pois      ###.....     43%         5    ######.
 Confuse                  Hex            #.......     45%         3    ###....
 Conjure Flame            Conj/Fire      #.......     45%         3    ###....
 Dazzling Spray           Conj/Hex       #.....       45%         3    ###....
 Inner Flame              Hex/Fire       #.......     45%         3    ###....
 Lesser Beckoning         Tloc           #.........   45%         3    ###....
 Tukima's Dance           Hex            #.......     45%         3    ###....
 Force Lance              Conj/Tloc      #.......     86%         4    #####..
 Fulminant Prism          Conj/Hex       #.........   86%         4    #####..
 Iskenderun's Mystic Bla  Conj           #.......     86%         4    #####..
 Sticky Flame             Conj/Fire      #.......     86%         4    #####..
 Fireball                 Conj/Fire      #.........   99%         5    ######.
 Invisibility             Hex            #.......     100%        6    #######


Dungeon Overview and Level Annotations

Branches:
Dungeon (12/15)            Temple (0/1) D:4            Lair (5/6) D:10
 Shoals (0/4) Lair:4       Spider (0/4) Lair:4          Orc (0/2) D:10
  Slime: Lair:5-6

Altars:
Ashenzari
Cheibriados
Dithmenos
Elyvilon
Hepliaklqana
Makhleb
Okawaru
Ru
Uskayaw
Vehumet
Wu Jian
Xom
Yredelemnul
Zin

Annotations:
D:11 3 runed translucent doors, Philippstinkt's ghost, journeyman SpVM
Lair:1 2 transporters, barcode's ghost, journeyman TrVM Gauntlet 6 transporters


Innate Abilities, Weirdness & Mutations

You are too large for most types of armour.
((You have tough skin. (AC +1)))


Message History

The minotaur gores you!
You hit the minotaur. You freeze the minotaur.
The minotaur is heavily wounded.
The minotaur hits you with a +4 spear of piercing!!!
* * * LOW HITPOINT WARNING * * *
x2 The minotaur gores you!
* * * LOW HITPOINT WARNING * * *
Your supernatural speed expires.
Okay, then.
Okay, then.
Okay, then.
Okay, then.
Press: ? - help, v - describe, . - travel
Here: a minotaur, wielding a +4 spear of piercing, wearing a +0 chain mail and wearing a cursed ring of attention (heavily wounded)
The floor, spattered with blood.
Unknown command.
Unknown command.
The minotaur throws a javelin of penetration.
The javelin of penetration pierces through you!!
You die...

##'### #.⌠..# #...⌠+ +⌠...
..∩ #H# #######☼#######
#......(......#
#.###Y###.###.#
#.............#
###.###.###.##
##.###.###.####
...............#
...............#
#####......#####
###########.©..©.#########
##≈#§#≈#≈#≈########≈#≈#≈#≈###


You could see a minotaur.

Vanquished Creatures
  A great orb of eyes (D:12)
  Erolcha (D:9)
  7 hydras
  2 two-headed ogres (D:12)
  A centaur warrior (D:12)
  A hell beast (Gauntlet)
  An unseen horror (D:12)
  5 skeletal warriors
  2 deep elf magi
  An ugly thing (D:11)
  3 cyclopes
  Psyche (D:9)
  A gargoyle (D:11)
  6 spiny frogs
  A rime drake (Lair:3)
  A komodo dragon (D:12)
  A demonic crawler (Lair:4)
  3 trolls
  A polar bear (Lair:3)
  A queen bee (D:12)
  7 slime creatures (D:12)
  A meliai zombie (D:10)
  4 hippogriffs
  A ynoxinul (Gauntlet)
  2 basilisks
  A shadow (D:11)
  27 yaks
  Eustachio (D:5)
  Menkaure (D:5)
  4 hungry ghosts
  An acid dragon (D:11)
  12 porcupines
  9 water moccasins
  A hell hound (Gauntlet)
  8 orc warriors
  2 sky beasts
  An ice beast (D:7)
  An eye of draining (D:12)
  A black bear (D:10)
  A necrophage (D:7)
  3 ogres
  3 phantoms
  6 centaurs
  15 wolves (Lair:3)
  10 crocodiles
  14 bullfrogs
  Blork the orc (D:4)
  A big kobold (D:8)
  10 scorpions
  20 killer bees
  9 wights
  3 howler monkeys (D:9)
  A bullfrog zombie (D:5)
  2 centaur zombies
  7 crimson imps
  A quasit (D:9)
  2 wyvern simulacra (Gauntlet)
  2 jellies
  2 bullfrog skeletons
  3 hounds
  4 orc priests
  A gnoll shaman (D:7)
  4 iron imps
  12 orc wizards
  A centaur skeleton (D:8)
  6 iguanas
  Natasha (thrice) (D:4)
  15 worker ants
  3 centaur simulacra (Gauntlet)
  A bullfrog simulacrum (D:12)
  2 hound zombies
  17 adders
  19 gnolls
  2 shadow imps
  2 adder skeletons
  3 worms
  6 dart slugs
  8 leopard geckos
  42 orcs
  7 ball pythons
  4 bats
  4 giant cockroaches
  14 hobgoblins
  12 jackals
  3 quokkas
  4 frilled lizards
  17 goblins
  15 kobolds
  A leopard gecko zombie (D:5)
  A quokka skeleton (D:9)
  5 rats
480 creatures vanquished.

Vanquished Creatures (others)
  A yak (D:11)
  3 demonic plants (Gauntlet)
  4 fungi (Lair:3)
  3 plants
11 creatures vanquished.

Grand Total: 491 creatures vanquished

Notes
Turn   | Place    | Note
-------+----------+-------------------------------------------
     0 | D:1      | Cryoshakespeare the Ogre Transmuter began the quest for the
                  | Orb.
     0 | D:1      | Reached XP level 1. HP: 19/19 MP: 3/3
   229 | D:1      | Reached XP level 2. HP: 19/27 MP: 3/5
  1055 | D:2      | Reached XP level 3. HP: 33/33 MP: 4/6
  1061 | D:2      | Learned a level 3 spell: Spider Form
  1527 | D:2      | Reached skill level 1 in Poison Magic
  1584 | D:2      | Reached XP level 4. HP: 31/41 MP: 3/7
  2273 | D:2      | Reached XP level 5. HP: 46/48 MP: 4/8
  3005 | D:3      | Found a basalt altar of Yredelemnul.
  3088 | D:3      | Found a white marble altar of Elyvilon.
  3175 | D:3      | Found a burning altar of Makhleb.
  3526 | D:3      | Reached XP level 6. HP: 52/55 MP: 2/9
  3601 | D:3      | Found a white marble altar of Elyvilon.
  3612 | D:3      | Noticed a sky beast
  3622 | D:3      | Killed a sky beast
  3959 | D:3      | Found an ornate altar of the Wu Jian Council.
  3959 | D:3      | Found a radiant altar of Vehumet.
  3960 | D:3      | Found a sacrificial altar of Ru.
  3966 | D:3      | Became a worshipper of the Wu Jian Council
  3983 | D:3      | Found a glowing silver altar of Zin.
  4907 | D:4      | Reached skill level 5 in Transmutations
  4931 | D:4      | Reached XP level 7. HP: 35/65 MP: 6/10
  5085 | D:4      | Found a staircase to the Ecumenical Temple.
  5095 | D:4      | Noticed Natasha
  5110 | D:4      | Killed Natasha
  5276 | D:4      | Noticed Blork the orc
  5288 | D:4      | Killed Blork the orc
  5364 | D:4      | Reached * piety under Wu Jian
  5479 | D:4      | Noticed Natasha
  5492 | D:4      | Killed Natasha
  5727 | D:4      | Noticed Natasha
  5735 | D:4      | Killed Natasha
  5921 | D:5      | Entered Level 5 of the Dungeon
  5998 | D:5      | Noticed Eustachio
  6012 | D:5      | Killed Eustachio
  6012 | D:5      | Reached XP level 8. HP: 79/79 MP: 8/11
  6072 | D:5      | Noticed Menkaure
  6088 | D:5      | Killed Menkaure
  6088 | D:5      | Reached skill level 5 in Fighting
  6500 | D:5      | Reached skill level 5 in Unarmed Combat
  6738 | D:5      | Found an iron altar of Okawaru.
  6891 | D:5      | Found an iron altar of Okawaru.
  7198 | D:6      | Reached XP level 9. HP: 82/93 MP: 9/12
  7566 | D:6      | Reached ** piety under Wu Jian
  8073 | D:6      | Got an ancient quarterstaff
  8087 | D:6      | Identified the +7 quarterstaff of Demonkind {holy, *Noise
                  | Str+5} (You found it on level 6 of the Dungeon)
  8294 | D:6      | Reached *** piety under Wu Jian
  8574 | D:7      | Found a hazy altar of Hepliaklqana.
  8645 | D:7      | Reached XP level 10. HP: 97/107 MP: 11/13
  9012 | D:7      | Found a shattered altar of Ashenzari.
  9249 | D:7      | Found a snail-covered altar of Cheibriados.
  9419 | D:8      | Reached skill level 10 in Fighting
  9813 | D:8      | Found a shadowy altar of Dithmenos.
 10352 | D:9      | Found a shimmering altar of Xom.
 10357 | D:9      | Reached **** piety under Wu Jian
 10552 | D:9      | Learned a level 4 spell: Ice Form
 10586 | D:9      | Noticed Erolcha
 10605 | D:9      | Paralysed by Erolcha for 6 turns
 10613 | D:9      | Killed Erolcha
 10616 | D:9      | Noticed Psyche
 10622 | D:9      | Killed Psyche
 10892 | D:9      | Found a hide-covered altar of Uskayaw.
 11411 | D:10     | Entered Level 10 of the Dungeon
 11451 | D:10     | Reached XP level 11. HP: 119/119 MP: 12/14
 11600 | D:10     | Found a staircase to the Orcish Mines.
 11612 | D:10     | Found a staircase to the Lair.
 11700 | D:10     | Noticed a deep elf mage
 12114 | D:10     | Killed a deep elf mage
 12191 | D:10     | Found a shadowy altar of Dithmenos.
 12208 | D:10     | Reached skill level 10 in Unarmed Combat
 12881 | D:11     | Found a runed translucent gate.
 13065 | D:11     | Reached ***** piety under Wu Jian
 13137 | D:11     | Noticed a cyclops
 13298 | D:11     | Killed a cyclops
 13408 | D:11     | Noticed a cyclops
 13419 | D:11     | Killed a cyclops
 13896 | D:11     | Noticed a green ugly thing
 13910 | D:11     | Killed a green ugly thing
 13910 | D:11     | Reached XP level 12. HP: 116/132 MP: 15/15
 14517 | D:11     | Found a runed translucent gate.
 14517 | D:11     | Found a runed translucent gate.
 14519 | D:11     | Noticed a minotaur
 14522 | D:11     | Noticed Philippstinkt's ghost (journeyman SpVM)
 15740 | D:12     | Noticed a great orb of eyes
 15791 | D:12     | Killed a great orb of eyes
 16184 | D:12     | Noticed a centaur warrior
 16192 | D:12     | Killed a centaur warrior
 16721 | D:12     | Learned a level 1 spell: Summon Butterflies
 17160 | D:12     | Noticed a four-headed hydra
 17165 | D:12     | Killed a four-headed hydra
 17389 | D:12     | Noticed a two-headed ogre
 17396 | D:12     | Killed a two-headed ogre
 17598 | D:12     | Noticed a two-headed ogre
 17605 | D:12     | Reached XP level 13. HP: 145/145 MP: 16/16
 18043 | Lair:1   | Entered Level 1 of the Lair of Beasts
 18555 | Lair:1   | Found a transporter.
 19006 | Lair:1   | Noticed barcode's ghost (journeyman TrVM)
 19295 | Lair:1   | Found a transporter.
 20190 | Lair:2   | Learned a level 1 spell: Apportation
 21620 | Lair:3   | Reached skill level 15 in Fighting
 21645 | Lair:3   | Reached skill level 5 in Ice Magic
 22044 | Lair:4   | Found a staircase to the Shoals.
 22472 | Lair:4   | Found a hole to the Spider Nest.
 22891 | Lair:5   | Found a gate leading to a gauntlet.
 22900 | Gauntlet | Entered a Gauntlet
 22900 | Gauntlet | Found a transporter.
 22900 | Gauntlet | Found a transporter.
 22901 | Gauntlet | Found a transporter.
 22902 | Gauntlet | Found a transporter.
 22902 | Gauntlet | Found a transporter.
 22905 | Gauntlet | Found a transporter.
 22913 | Gauntlet | Found a transporter.
 22914 | Gauntlet | Found a transporter.
 22916 | Gauntlet | Found a transporter.
 22916 | Gauntlet | Found a transporter.
 22925 | Gauntlet | Found a transporter.
 22945 | Gauntlet | Found a transporter.
 23256 | Gauntlet | Reached skill level 15 in Unarmed Combat
 23270 | Gauntlet | Got an iridescent mace
 23288 | Gauntlet | Reached XP level 14. HP: 155/159 MP: 13/17
 23295 | Gauntlet | Got a pitted turquoise ring
 23300 | Gauntlet | Identified the ring of Ataczo {-Tele rC- MR+++ Dex+6
                  | Stlth-} (You found it in a Gauntlet)
 23373 | Gauntlet | Identified the +7 mace "Ighel" {antimagic, +Blink rN+} (You
                  | found it in a Gauntlet)
 23511 | Gauntlet | Hit by a javelin of penetration thrown by a minotaur

Skill      XL: |  1  2  3  4  5  6  7  8  9 10 11 12 13 |
---------------+----------------------------------------+-----
Transmutations | 2 3 4 5 6 7 |  7.9
Poison Magic   | 1 2 3 |  3.4
Fighting       | 2 4 7 9 10 12 13 15 | 15.4
Dodging        | 2 3 4 |  4.0
Unarmed Combat | 3 4 5 8 9 11 13 15 | 15.0
Ice Magic      | 4 5 |  5.0
Spellcasting   | |  2.4

Action                   |  1- 3 |  4- 6 |  7- 9 | 10-12 | 13-15 || total
-------------------------+-------+-------+-------+-------+-------++-------
Melee: Unarmed           |   142 |   248 |   351 |   518 |   239 ||  1498
       Kick              |     4 |       |       |       |       ||     4
       Headbutt          |     1 |       |       |       |       ||     1
       Punch             |       |     1 |     1 |       |       ||     2
       Staff             |       |       |       |       |    12 ||    12
 Cast: Beastly Appendage |    13 |     2 |       |       |       ||    15
       Spider Form       |     4 |    30 |    48 |    25 |       ||   107
       Ice Form          |       |       |       |    37 |    35 ||    72
       Summon Butterflie |       |       |       |     4 |     1 ||     5
Invok: Lunge             |       |     5 |    38 |    67 |    31 ||   141
       Whirlwind         |       |       |     4 |    38 |    17 ||    59
       Serpent's Lash    |       |       |       |     4 |     7 ||    11
 Abil: Wall Jump         |       |       |     1 |       |       ||     1
       End Transformatio |       |       |       |     5 |     7 ||    12
  Use: Scroll            |       |     8 |     7 |     7 |     8 ||    30
       Potion            |       |       |       |     1 |       ||     1
 Stab: Sleeping          |       |       |    13 |     8 |     6 ||    27
       Distracted        |       |       |       |     1 |     1 ||     2
  Eat: Chunk             |     3 |    14 |    16 |    26 |    23 ||    82
       Ration            |       |       |     1 |     5 |     2 ||     8
Armor: Robe              |    26 |    20 |     2 |     3 |     1 ||    52
       Skin              |     2 |    10 |    11 |    62 |    34 ||   119
Dodge: Dodged            |    82 |   176 |   207 |   230 |    94 ||   789
